 Dungeon Crawl Stone Soup version 0.30-a0-726-gd89dcf765f (webtiles) character file.

Game seed: 12662866857268163534

10427 kae the Earth Mage (level 11, 0/54 HPs)
             Began as a Gargoyle Earth Elementalist on Jan 29, 2023.
             Was a Believer of Vehumet.
             Slain by Urug
             ... wielding a +2 broad axe
              (20 damage)
             ... on level 1 of the Lair of Beasts.
             The game lasted 00:10:25 (11706 turns).

kae the Earth Mage (Gargoyle Earth Elementalist)   Turns: 11706, Time: 00:10:26

Health: 0/54       AC: 13    Str: 13    XL:     11   Next: 62%
Magic:  0/23       EV: 11    Int: 19    God:    Vehumet [**....]
Gold:   62         SH:  0    Dex: 10    Spells: 17/27 levels left

rFire   + + .      SeeInvis .    q - +2 trident (venom)
rCold   . . .      Faith    .    (no shield)
rNeg    + . .      Spirit   +    a - +0 robe
rPois   ∞          Reflect  .    r - +0 helmet
rElec   +          Harm     .    b - +1 cloak
rCorr   .          Rampage  .    (no gloves)
Will    .....                    (no boots)
Stlth   ++                       G - amulet of guardian spirit
HPRegen 0.29/turn                F - ring of protection from fire
MPRegen 0.18/turn                y - ring of protection from fire

@: no status effects
A: sickness immunity, AC +8, negative energy resistance 1, electricity
resistance, torment resistance 1, petrification resistance
a: Renounce Religion


You were on level 1 of the Lair of Beasts.
You worshipped Vehumet.
Vehumet was pleased with you.
You visited 3 branches of the dungeon, and saw 12 of its levels.

You collected 464 gold pieces.
You spent 402 gold pieces at shops.


Innate Abilities, Weirdness & Mutations

You are immune to sickness and miasma.
Your stone body is resilient. (AC +8)
You are immune to poison.
You resist negative energy. (rN+)
You are resistant to electric shocks. (rElec)
You are resistant to unholy torment.
You are immune to petrification.


   Skills:
 - Level 1.5 Dodging
 - Level 2.1 Stealth
 + Level 8.6 Spellcasting
 + Level 9.7 Conjurations
 - Level 0.7 Transmutations
 * Level 15.4 Earth Magic


You had 17 spell levels left.
You knew the following spells:

 Your Spells              Type           Power      Damage    Failure   Level
a - Sandblast             Erth           100%       2d20      0%          1
b - Passwall              Tmut/Erth      31%        N/A       1%          2
c - Stone Arrow           Conj/Erth      100%       3d13      1%          3
d - Petrify               Tmut/Erth      38%        N/A       3%          4

Your spell library contained the following spells:

 Spells                   Type           Power      Damage    Failure   Level
 Mephitic Cloud           Conj/Pois/Air  20%        N/A       7%          3
 Beastly Appendage        Tmut           20%        N/A       6%          1
 Apportation              Tloc           16%        N/A       9%          1
 Necrotise                Necr           32%        1d5       9%          1
 Summon Small Mammal      Summ           32%        N/A       9%          1
 Wereblood                Tmut           10%        N/A       10%         2
 Ensorcelled Hibernation  Hex/Ice        16%        N/A       13%         2
 Spider Form              Tmut/Pois      9%         N/A       22%         3
 Ignite Poison            Fire/Tmut/Pois 9%         N/A       24%         3
 Call Canine Familiar     Summ           8%         N/A       26%         3
 Summon Guardian Golem    Hex/Summ       8%         N/A       26%         3
 Irradiate                Conj/Tmut      14%        3d16      28%         5
 Ice Form                 Ice/Tmut       9%         N/A       58%         4
 Anguish                  Hex/Necr       4%         N/A       65%         4
 Dragon Form              Tmut           5%         N/A       100%        7
 Enfeeble                 Hex            4%         N/A       100%        7

Inventory:

Hand Weapons
 j - a +0 dagger of freezing
   (You took it off a goblin on level 1 of the Dungeon)
 q - a +2 trident of venom (weapon)
   (You took it off Robin on level 2 of the Dungeon)
Missiles
 g - 8 poisoned darts
 t - a boomerang
 z - 101 stones
Armour
 a - a +0 robe (worn)
 b - a +1 cloak (worn)
   (You found it on level 1 of the Dungeon)
 r - a +0 helmet (worn)
   (You took it off Robin on level 2 of the Dungeon)
 A - the +8 tower shield of Dawn {Contam Str+3}
   (You found it on level 8 of the Dungeon)

   Str:       It affects your strength (+3).
   Contam:    It causes magical contamination when unequipped.
Magical Staves
 h - a staff of death {!a}
   (You found it on level 2 of the Dungeon)
Jewellery
 f - a ring of fire
   (You found it on level 6 of the Dungeon)
 y - a ring of protection from fire (right hand)
   (You found it on level 7 of the Dungeon)
 F - a ring of protection from fire (left hand)
   (You found it on level 3 of the Dungeon)
 G - an amulet of guardian spirit (around neck)
   (You bought it in a shop on level 6 of the Dungeon)
 W - a ring of magical power
   (You found it on level 1 of the Lair of Beasts)
Wands
 u - a wand of paralysis (18)
   (You found it on level 3 of the Dungeon)
 w - a wand of mindburst (18)
   (You took it off Ijyb on level 5 of the Dungeon)
 D - a wand of flame (6)
   (You found it on level 8 of the Dungeon)
Scrolls
 l - a scroll of butterflies
 m - 2 scrolls of teleportation {@r4}
 o - 3 scrolls of poison
 x - a scroll of vulnerability {unknown}
 E - a scroll of immolation {!r!r}
 I - 3 scrolls of magic mapping {!r}
 J - a scroll of identify {@r1}
Potions
 c - 2 potions of mutation {!q}
 d - 3 potions of flight
 e - 6 potions of curing {@q1}
 i - 2 potions of berserk rage {!q}
 k - 6 potions of ambrosia
 n - 3 potions of brilliance
 p - a potion of haste {@q3}
 s - 4 potions of magic
 v - 3 potions of lignification {!q}
 B - a potion of might
 C - a potion of cancellation
 H - a potion of heal wounds {@q2}

Dungeon Overview and Level Annotations

Branches:
Dungeon (9/15) Zot: 25574  Temple (1/1) D:6 Zot: 5922    Lair (2/5) D:8 Zot: 10640
  Swamp: Lair:2-3    Shoals: Lair:2-3     Snake: Lair:2-3    Spider: Lair:2-3
    Orc: D:9-12

Altars:
Ashenzari
Cheibriados
Dithmenos
Elyvilon
Fedhas
Gozag
Hepliaklqana
Kikubaaqudgha
Nemelex Xobeh
Okawaru
Qazlal
Ru
Sif Muna
Trog
Uskayaw
Vehumet
Wu Jian
Xom
Yredelemnul
Zin
The Shining One

Shops:
D:6 *   D:7 ?!   D:9 !

Annotations:
Lair:1 Urug

♣# #..# #..## ### ~# ##.#
######.######P## #######+####
#...........~P~# ###........#
#...........~~~♣## ...........#
#............~~~P#
##P........####...........PP~~~#
##..........#.............P~P♣#
###........#...............P♣♣#
..'........##...@h.....###~~~##
###........####o.......# ##~#~#
##'#.##### ##.#.##### #####
#..### #...## ##.## ##### #.###
##..####.#.# #.# #..........#
##'###### #..........###.......#
'..........#.'.##..###


You could see Urug (poisoned) and a wolf.


Message History

There is an open door here.
z - 101 stones (gained 5)
You see here a +1 scale mail of cold resistance.
You now have 62 gold pieces (gained 18).
Found a stone staircase leading down.
I - 2 scrolls of magic mapping {!r} (gained 1)
You open the door.
There is an open door here.
There is an open door here.
You open the door.
There is an open door here.
J - a scroll of identify {@r1} You enter the shallow water.
Moving in this stuff is going to be slow.
I - 3 scrolls of magic mapping {!r} (gained 1)
You enter the shallow water.
Moving in this stuff is going to be slow.
Key pressed, stopping explore.
You open the door.
There is an open door here.
There is an open door here.
You open the door.
There is an open door here.
There is an open door here.
Key pressed, stopping explore.
You enter the shallow water.
Moving in this stuff is going to be slow.
You open the door.
There is an open door here.
Key pressed, stopping explore.
You see here a +1 scale mail of cold resistance.
You see here a +1 scale mail of cold resistance.
You open the door.
There is an open door here.
Key pressed, stopping explore.
You enter the shallow water.
Moving in this stuff is going to be slow.
Key pressed, stopping explore.
There is an open door here.
Key pressed, stopping explore.
There is an open door here.
There is an open door here.
There is an open door here.
Key pressed, stopping explore.
You enter the shallow water.
Moving in this stuff is going to be slow.
Done exploring.
Done exploring.
Done exploring.
Done exploring.
Done exploring.
(D) Dungeon (T) Temple (L) Lair
Where to? (Enter - Lair:1, ? - help)
There is a stone staircase leading down here.
You climb downwards.
Found six items.
Found two stone staircases leading down and a stone staircase leading up.
There is a stone staircase leading up here.
There are monsters nearby!
Unknown command.
The helpless Urug fails to defend herself.
You hit Urug but do no damage.
Urug is poisoned.
The yak bellows!
You hear a bellow! x3
A yak comes into view. x2
Urug hits you with a +2 broad axe! 😕 HP[-5] MP[-2]
You take 5 damage, and now have 49/54 hp.
You lost 2 mp, and now have 21/23 mp.
The yak bellows!
The wolf bites you! Urug hits you with a +2 broad axe!!
* * * LOW HITPOINT WARNING * * *
The yak bellows!
You climb upwards.
There is a stone staircase leading down here. 😨 HP[-22] MP[-10]
You take 22 damage, and now have 27/54 hp.
MASSIVE DAMAGE!! (PAUSE)
You lost 10 mp, and now have 11/23 mp.
Casting: Stone Arrow (safe; 1% risk of failure)
Confirm with . or Enter, or press ? or * to list all spells.
Aiming: Stone Arrow (safe; 1% risk of failure)
Press: ? - help, Shift-Dir - straight line, f - wolf
Aim: a wolf (63% to hit)
The stone arrow misses the wolf.
The wolf bites you but does no damage. The wolf bites you.
* * * LOW HITPOINT WARNING * * *
Urug closely misses you. 😨 HP[-2] MP[-3]
You take 2 damage, and now have 25/54 hp.
You lost 3 mp, and now have 8/23 mp.
Unknown command.
Casting: Stone Arrow (safe; 1% risk of failure)
Confirm with . or Enter, or press ? or * to list all spells.
Aiming: Stone Arrow (safe; 1% risk of failure)
Press: ? - help, Shift-Dir - straight line, f/p - wolf
Aim: a wolf (63% to hit)
The stone arrow hits the wolf!
The wolf bites you.
* * * LOW HITPOINT WARNING * * *
Urug hits you with a +2 broad axe!!
You die...

Skill      XL: |  1  2  3  4  5  6  7  8  9 10 11 |
---------------+----------------------------------+-----
Earth Magic    | 4 5 6 7 8 10 12 14 15 | 15.4
Conjurations   | 1 2 3 4 5 7 8 9 |  9.7
Spellcasting   | 3 4 5 6 7 8 |  8.6
Dodging        | |  1.5
Stealth        | |  2.1
Transmutations | |  0.7

Action                     |  1- 3 |  4- 6 |  7- 9 | 10-12 || total
---------------------------+-------+-------+-------+-------++-------
  Melee: Unarmed           |    47 |       |       |       ||    47
         Punch             |     2 |       |       |       ||     2
         Dagger            |    13 |    12 |       |       ||    25
         Trident           |       |     9 |    37 |     5 ||    51
   Cast: Sandblast         |    44 |    51 |   114 |   138 ||   347
         Stone Arrow       |       |       |    16 |    47 ||    63
         Petrify           |       |       |     1 |       ||     1
    Use: Potion            |     3 |       |     1 |       ||     4
         Scroll            |     4 |     4 |     6 |     5 ||    19
   Stab: Sleeping          |     1 |     2 |     1 |     1 ||     5
 Armour: Robe              |    46 |     9 |    66 |   129 ||   250
  Dodge: Dodged            |    37 |    14 |    63 |   122 ||   236

Levels and vault maps discovered:
D:1:      dpeg_arrival_arbitrary_c, layout_loops_ring
D:2:      layout_loops_ring, uniq_robin
D:3:      layout_loops_ring, amcnicky_altar_gilded,
          mainiacjoe_overflow_two_lobes, chequers_mini_garden,
          chequers_serial_rivers_room_b
D:4:      layout_layer_cave, nicolae_hepliaklqana_monster_ancestors,
          uniq_menkaure
D:5:      layout_basic, nicolae_dithmenos_shadow_blocks, lemuel_crystal_altar,
          nicolae_overflow_crystal_walls, serial_bayou_pond_e, st_stairs_13,
          uniq_ijyb
D:6:      hellmonk_ruined_rings, layout_loops_ring,
          minmay_temple_entry_glassed_door, serial_shops,
          nicolae_shop_window_shopping, uniq_pikel
D:7:      layout_basic, good_gods_mini_temple, serial_shops, shop,
          nicolae_shop_statue_plus, shop_fountains, nicolae_benzene_ring,
          hangedman_decor_riveting
D:8:      layout_gridville, mainiacjoe_overflow_concentric_impassable,
          lemuel_round_altar, nicolae_wu_jian_immortal_techniques,
          minmay_lair_entry_grove, amcnicky_mini_pool_small, minmay_lizard_king
D:9:      layout_long_grid, lemuel_tele_altar, serial_shops, shop_statue,
          minivault_7
Temple:   hellmonk_temple_of_storms
Lair:1:   layout_roguey, serial_bayou, serial_bayou_lake_a, serial_bayou_pond_e,
          serial_bayou_pond_d, serial_bayou_ford_a, serial_bayou_shore_b,
          serial_bayou_pond_d
Lair:2:   layout_hall_layers, infiniplex_staircase_pool_2, uniq_urug

Notes
Turn   | Place    | Note
-------+----------+-------------------------------------------
     0 | D:1      | kae the Gargoyle Earth Elementalist began the quest for the
                  | Orb.
     0 | D:1      | Reached XP level 1. HP: 10/10 MP: 3/3
     0 | D:1      | magus.rc [v1.11.3]
   160 | D:1      | Reached skill level 4 in Earth Magic
   167 | D:1      | Reached XP level 2. HP: 8/15 MP: 1/5
   176 | D:1      | HP: 1/15 [hobgoblin (4)]
   306 | D:1      | Learned a level 2 spell: Passwall
   374 | D:1      | You pick up a book of Callings and begin reading...
   374 | D:1      | You add the spells Summon Small Mammal, Call Canine
                  | Familiar and Summon Guardian Golem to your library.
   381 | D:1      | Reached XP level 3. HP: 19/19 MP: 2/6
   462 | D:1      | Learned a level 3 spell: Stone Arrow
  1248 | D:2      | Noticed Robin
  1251 | D:2      | Killed Robin
  1252 | D:2      | Reached skill level 5 in Earth Magic
  1252 | D:2      | Reached XP level 4. HP: 24/24 MP: 1/7
  1375 | D:2      | You pick up a book of Dreams and begin reading...
  1375 | D:2      | You add the spells Ensorcelled Hibernation, Spider Form and
                  | Anguish to your library.
  1594 | D:2      | Reached skill level 1 in Conjurations
  1764 | D:3      | Found a basalt altar of Yredelemnul.
  1831 | D:3      | You pick up a book of Cantrips and begin reading...
  1831 | D:3      | You add the spells Necrotise and Apportation to your
                  | library.
  2210 | D:3      | Found a snail-covered altar of Cheibriados.
  2273 | D:3      | Found a bloodstained altar of Trog.
  2556 | D:4      | Reached XP level 5. HP: 23/28 MP: 5/9
  2557 | D:4      | Reached skill level 3 in Spellcasting
  2558 | D:4      | Noticed Menkaure
  2596 | D:4      | Killed Menkaure
  2597 | D:4      | Reached skill level 2 in Conjurations
  2597 | D:4      | Reached skill level 6 in Earth Magic
  2597 | D:4      | Reached XP level 6. HP: 32/32 MP: 5/11
  3032 | D:4      | Learned a level 4 spell: Petrify
  3059 | D:4      | You pick up a book of Changes and begin reading...
  3059 | D:4      | You add the spells Beastly Appendage and Wereblood to your
                  | library.
  3572 | D:4      | Found a hazy altar of Hepliaklqana.
  3857 | D:5      | Entered Level 5 of the Dungeon
  3914 | D:5      | Found a shadowy altar of Dithmenos.
  4018 | D:5      | Reached skill level 3 in Conjurations
  4018 | D:5      | Reached skill level 7 in Earth Magic
  4051 | D:5      | Found an iron altar of Okawaru.
  4085 | D:5      | Found a shimmering altar of Xom.
  4170 | D:5      | Reached XP level 7. HP: 36/36 MP: 9/12
  4194 | D:5      | Noticed Ijyb
  4258 | D:5      | Killed Ijyb
  4411 | D:5      | Reached skill level 4 in Spellcasting
  4690 | D:6      | Reached skill level 8 in Earth Magic
  4693 | D:6      | Reached skill level 4 in Conjurations
  4753 | D:6      | You add the spells Ignite Poison, Ice Form, Irradiate and
                  | Dragon Form to your library.
  4753 | D:6      | Got the Volume of Shaping
  4760 | D:6      | Reached XP level 8. HP: 40/41 MP: 11/14
  4799 | D:6      | Noticed Pikel
  5109 | D:6      | Reached skill level 9 in Earth Magic
  5299 | D:6      | Reached skill level 5 in Spellcasting
  5324 | D:6      | Reached skill level 5 in Conjurations
  5357 | D:6      | Found a staircase to the Ecumenical Temple.
  5407 | Temple   | Entered the Ecumenical Temple
  5466 | Temple   | Became a worshipper of Vehumet
  5504 | D:6      | Killed Pikel
  5505 | D:6      | Reached skill level 10 in Earth Magic
  5505 | D:6      | Reached XP level 9. HP: 28/45 MP: 2/17
  5616 | D:6      | You pick up a book of Maledictions and begin reading...
  5648 | D:6      | Found Dusylar's Assorted Antiques.
  5670 | D:6      | Bought a scroll labelled ICEONORARR for 21 gold pieces
  5670 | D:6      | Bought a scroll labelled PIJOCSUHIEN for 21 gold pieces
  5670 | D:6      | Bought 2 orange potions for 37 gold pieces
  5670 | D:6      | Bought a blackened fluorescent amulet for 105 gold pieces
  6024 | D:7      | Found Lirpheh's Distillery.
  6029 | D:7      | Bought a potion of might for 52 gold pieces
  6335 | D:7      | Reached skill level 6 in Conjurations
  6479 | D:7      | Found Qedghoud's Magic Scroll Shoppe.
  6486 | D:7      | Bought a scroll of identify for 22 gold pieces
  6532 | D:7      | Found a glowing silver altar of Zin.
  6532 | D:7      | Found a glowing golden altar of the Shining One.
  6533 | D:7      | Found a white marble altar of Elyvilon.
  6743 | D:7      | Found Lantan's Weapon Boutique.
  6907 | D:7      | Reached skill level 11 in Earth Magic
  7010 | D:8      | Reached skill level 6 in Spellcasting
  7010 | D:8      | Noticed a komodo dragon
  7014 | D:8      | HP: 4/45 [komodo dragon (16)]
  7283 | D:7      | Killed a komodo dragon
  7561 | D:8      | Reached skill level 7 in Conjurations
  7561 | D:8      | Reached skill level 12 in Earth Magic
  7563 | D:8      | Noticed a manticore
  7586 | D:7      | HP: 4/45 [manticore (13)]
  7587 | D:7      | Killed a manticore
  7588 | D:7      | Reached XP level 10. HP: 5/50 MP: 1/20
  7775 | D:8      | Reached * piety under Vehumet
  7775 | D:8      | Offered knowledge of Shock by Vehumet.
  7838 | D:8      | Found a staircase to the Lair.
  7851 | D:8      | Reached skill level 7 in Spellcasting
  7881 | D:8      | Found a blossoming altar of Fedhas.
  7955 | D:8      | Reached skill level 13 in Earth Magic
  7957 | D:8      | Identified the +8 tower shield of Dawn {Contam Str+3}
  8198 | D:8      | Reached skill level 8 in Conjurations
  8333 | D:8      | Found a sacrificial altar of Ru.
  8485 | D:8      | Offered knowledge of Searing Ray by Vehumet.
  8536 | D:8      | Reached ** piety under Vehumet
  8739 | D:8      | Found an ornate altar of the Wu Jian Council.
  9036 | D:9      | Noticed a two-headed ogre
  9042 | D:9      | Killed a two-headed ogre
  9155 | D:9      | Reached skill level 14 in Earth Magic
  9257 | D:9      | Reached XP level 11. HP: 38/54 MP: 11/22
  9422 | D:9      | Reached skill level 8 in Spellcasting
  9432 | D:9      | Reached skill level 9 in Conjurations
  9432 | D:9      | HP: 12/54 [troll (7)]
  9619 | D:9      | Found a stormy altar of Qazlal.
  9823 | D:9      | Noticed a centaur warrior
  9834 | D:9      | Killed a centaur warrior
  9918 | D:9      | Found Bunliz's Distillery.
  9926 | D:9      | Bought a potion of lignification for 36 gold pieces
  9926 | D:9      | Bought a potion of cancellation for 96 gold pieces
  9926 | D:9      | Bought a potion of degeneration for 12 gold pieces
 10400 | Lair:1   | Entered Level 1 of the Lair of Beasts
 10498 | Lair:1   | Reached skill level 15 in Earth Magic
 10721 | Lair:1   | Offered knowledge of Mephitic Cloud by Vehumet.
 10945 | Lair:1   | Noticed a catoblepas
 10974 | Lair:1   | Killed a catoblepas
 11701 | Lair:2   | Noticed Urug
 11706 | Lair:1   | Slain by Urug

Vanquished Creatures
  A catoblepas (Lair:1)
  A centaur warrior (D:9)
  A two-headed ogre (D:9)
  Pikel (D:6)
  A manticore (D:7)
  2 black mambas (Lair:1)
  A cane toad (Lair:1)
  A komodo dragon (D:7)
  A troll (D:9)
  A queen bee (D:9)
  3 wyverns (D:8)
  A basilisk (D:8)
  A steam dragon (D:8)
  Menkaure (D:4)
  8 water moccasins
  4 sky beasts
  2 orc warriors
  4 black bears
  5 wolves
  2 centaurs
  3 lemures (D:6)
  5 bullfrogs
  3 necrophages
  A gnoll sergeant (D:8)
  2 scorpions
  14 wights (D:8)
  22 killer bees (D:9)
  A howler monkey (D:4)
  2 electric eels (Lair:1)
  4 hounds
  3 jellies
  An orc priest (D:4)
  A gnoll bouda (D:7)
  Ijyb (D:5)
  6 iguanas
  An orc wizard (D:9)
  Robin (D:2)
  7 gnolls
  3 adders
  A shadow imp (D:5)
  A white imp (D:7)
  2 worms
  A dart slug (D:5)
  13 orcs
  6 ball pythons
  4 bats (D:1)
  4 endoplasms
  5 giant cockroaches
  7 goblins
  14 hobgoblins
  8 jackals
  2 quokkas
  6 frilled lizards
  3 kobolds
  4 rats
  A spectral kobold (D:4)
205 creatures vanquished.

Vanquished Creatures (others)
  5 fungi
  43 plants
48 creatures vanquished.

Grand Total: 253 creatures vanquished

Table legend:
 A = Non-vault XP
 B = Vault XP
 C = Vault XP percentage of total XP
 D = Non-vault monster count
 E = Vault monster count
 F = Vault count percentage of total count
                 A         B        C        D         E       F
            +---------+---------+-------+---------+---------+-------
      Total |   10208 |    4689 |  31.5 |     145 |      57 |  28.2
            +---------+---------+-------+---------+---------+-------
        D:1 |      51 |       0 |   0.0 |      30 |       0 |   0.0
        D:2 |      15 |      36 |  70.6 |       7 |      12 |  63.2
        D:3 |      27 |       0 |   0.0 |      10 |       0 |   0.0
        D:4 |     112 |     175 |  61.0 |       8 |       3 |  27.3
        D:5 |     408 |      73 |  15.2 |       8 |       3 |  27.3
        D:6 |     977 |     685 |  41.2 |      12 |       1 |   7.7
        D:7 |    1107 |     338 |  23.4 |      17 |       1 |   5.6
        D:8 |    1685 |    2025 |  54.6 |      24 |      19 |  44.2
        D:9 |    2834 |    1357 |  32.4 |      17 |      18 |  51.4
     Lair:1 |    2992 |       0 |   0.0 |      12 |       0 |   0.0
            +---------+---------+-------+---------+---------+-------

Illustrated notes

Table legend:
 A = Kills in this place as a percentage of kills in entire the game.
 B = Kills by you in this place as a percentage of kills by you in the entire game.
 C = Kills by friends in this place as a percentage of kills by friends in the entire game.
 D = Other kills in this place as a percentage of other kills in the entire game.
 E = Experience gained in this place as a percentage of experience gained in the entire game.
 F = Experience gained in this place divided by the number of levels of this place that you have seen.
                   A       B       C       D       E      F
               +-------+-------+-------+-------+-------+----------------------
         Total | 100.0 | 100.0 |   N/A |   N/A | 100.0 | 1241.4
       Dungeon |  94.1 |  94.1 |   N/A |   N/A |  79.9 | 1322.8
          Lair |   5.9 |   5.9 |   N/A |   N/A |  20.1 | 1496.0
               +-------+-------+-------+-------+-------+----------------------

Table legend: (Time is in decaauts)
 A = Elapsed time spent in this place.
 B = Non-inter-level travel time spent in this place.
 C = Inter-level travel time spent in this place.
 D = Time resting spent in this place.
 E = Time spent auto-exploring this place.
 F = Levels seen in this place.
 G = Mean time per level.
                   A        B        C        D        E       F      G
               +--------+--------+--------+--------+--------+-----+--------+
         Total |  11942 |  11425 |    517 |   1284 |   8551 |  12 |  995.2 |
       Dungeon |  10505 |  10031 |    474 |   1179 |   7400 |   9 | 1167.2 |
        Temple |     77 |     48 |     29 |      0 |     40 |   1 |   77.0 |
          Lair |   1358 |   1344 |     14 |    105 |   1111 |   2 |  679.0 |
               +--------+--------+--------+--------+--------+-----+--------+

Top non-repeatable levels by time:
     D:7: 1598 daAuts
     D:8: 1552 daAuts
     D:4: 1516 daAuts
     D:9: 1403 daAuts
  Lair:1: 1355 daAuts
     D:6: 1115 daAuts
     D:5: 883 daAuts
     D:1: 882 daAuts
     D:2: 864 daAuts
     D:3: 688 daAuts
  Temple: 77 daAuts
  Lair:2: 3 daAuts
